 Dungeon Crawl Stone Soup version 0.29.1-12-g30fa7ad0bf (webtiles) character file.

Game seed: 12836605715062828305

29 retardedninja the Trooper (level 3, -8/33 HPs)
             Began as a Hill Orc Fighter on Dec 12, 2022.
             Killed by divine providence
             ... invoked by an orc priest
              (12 damage)
             ... on level 2 of the Dungeon.
             The game lasted 00:03:14 (1780 turns).

retardedninja the Trooper (Hill Orc Fighter)        Turns: 1780, Time: 00:03:15

Health: -8/33      AC:  8    Str: 19 (20) XL:     3   Next: 16%
Magic:  0/3        EV:  9    Int:  5 (8)  God:
Gold:   79         SH:  4    Dex:  9 (10) Spells: 2/2 levels left

rFire   + . .      SeeInvis .   a - +0 war axe
rCold   + . .      Faith    .   c - +0 buckler
rNeg    . . .      Spirit   +   b - +0 scale mail
rPois   +          Reflect  .   (no helmet)
rElec   +          Harm     .   (no cloak)
rCorr   +          Rampage  .   (no gloves)
Will    .....                   m - +0 pair of boots
Stlth   ..........              l - amulet of guardian spirit
HPRegen 0.11/turn               (no ring)
MPRegen 0.08/turn               (no ring)

@: resistant
A: no striking features
a: Convert to Beogh


You were on level 2 of the Dungeon.
You visited 1 branch of the dungeon, and saw 3 of its levels.

You collected 79 gold pieces.

Inventory:

Hand Weapons
 a - a +0 war axe (weapon)
Missiles
 r - 2 boomerangs (quivered)
 s - 2 javelins
Armour
 b - a +0 scale mail (worn)
 c - a +0 buckler (worn)
 m - a +0 pair of boots (worn)
Jewellery
 l - an amulet of guardian spirit (around neck)
Wands
 p - a wand of flame (15)
Scrolls
 e - a scroll of noise {unknown}
 f - a scroll of vulnerability {unknown}
 h - 3 scrolls of fear {unknown}
 n - a scroll of blinking {unknown}
 o - a scroll of identify {unknown}
 q - a scroll of enchant armour {unknown}
Potions
 d - 2 potions of might
 g - 2 potions of curing {unknown}
 i - a potion of degeneration
 j - a potion of resistance
 k - a potion of cancellation {unknown}


   Skills:
 + Level 3.9 Fighting
 * Level 3.9 Axes
 + Level 3.5 Armour
 - Level 3.4 Shields


You had 2 spell levels left.
You didn't know any spells.
Your spell library contained the following spells:

 Spells                   Type           Power      Damage    Failure   Level
 Sublimation of Blood     Necr           0%         N/A       97%         2
 Wereblood                Tmut           0%         N/A       97%         2
 Summon Hydra             Summ           0%         N/A       100%        7


Dungeon Overview and Level Annotations

Branches:
Dungeon (3/15)

Altars:
Elyvilon


Message History

You climb downwards.
There is a stone staircase leading up here.
The orc priest invokes the aid of Beogh against you.
Beogh smites you!
You climb upwards.
There is a stone staircase leading down here.
You closely miss the orc priest. You block the orc priest's attack.
The orc priest hits you but does no damage.
Unknown command.
You completely miss the orc priest. The orc priest closely misses you.
The orc priest shouts, "Join the one true god or die!"
You hit the orc priest but do no damage.
The orc priest shouts, "Join the one true god or die!"
The orc priest hits you but does no damage.
The orc priest hits you with a +0 short sword.
You hit the orc priest.
The orc priest is lightly wounded.
The orc priest barely misses you.
You completely miss the orc priest.
The orc priest is lightly wounded.
The orc priest invokes the aid of Beogh against you.
Beogh smites you!
* * * LOW HITPOINT WARNING * * *
You slash the orc priest!
The orc priest is severely wounded.
The orc priest hits you but does no damage.
It was a potion of degeneration.
There was something very wrong with that liquid.
You feel weakened.
You feel dopey.
You feel clumsy.
The orc priest hits you but does no damage.
You hit the orc priest but do no damage.
The orc priest is severely wounded.
The orc priest hits you but does no damage.
The orc priest hits you with a +0 short sword.
* * * LOW HITPOINT WARNING * * *
It was a potion of resistance.
You feel protected.
The orc priest invokes the aid of Beogh against you.
Beogh smites you!
You die...

# ######## #######......#
######### #...........รท.
#.......### #.###.........
###.###.#.# #.# #.........
#.#<#.#.# #.# #.........
#.#.#.#o###.###.........
###.#.#.#@...........[...<
#.....#'#[###.....).......
######....##########.._...
#...'....................
#.###....................
#.# #....####............
#.# #....# ##.######.#...
#.# #....# #.........#.#.
#.# #....# #..#..##..#.#.


You could see an orc priest.

Vanquished Creatures
  A dart slug (D:1)
  2 orcs (D:2)
  2 giant cockroaches (D:1)
  A goblin (D:1)
  3 hobgoblins
  4 kobolds
  2 quokkas
  3 bats (D:1)
  2 frilled lizards
  4 rats
24 creatures vanquished.

Notes
Turn   | Place    | Note
-------+----------+-------------------------------------------
     0 | D:1      | retardedninja the Hill Orc Fighter began the quest for the
                  | Orb.
     0 | D:1      | Reached XP level 1. HP: 19/19 MP: 1/1
   123 | D:1      | Reached XP level 2. HP: 24/27 MP: 2/2
   438 | D:1      | Found a faded altar of an unknown god.
   744 | D:2      | Found a white marble altar of Elyvilon.
  1200 | D:3      | Reached XP level 3. HP: 15/33 MP: 3/3
  1780 | D:2      | Killed from afar by an orc priest

Illustrated notes

Levels and vault maps discovered:
D:1:      giann_horns, layout_rooms, shapermc_ecumenical_altar_mp_highgroup
D:2:      layout_basic, basic_altar
D:3:      layout_basic, mainiacjoe_overflow_six_doors_small, amethyst_killhole

Skill      XL: |  1  2 |
---------------+-------+-----
Axes           | 3 |  3.9
Fighting       | |  3.9
Armour         | |  3.5
Shields        | |  3.4

Action                   || total
-------------------------++-------
Melee: War axe           ||    60
Throw: Boomerang         ||     5
  Use: Potion            ||     2
Armor: Scale mail        ||    34
Dodge: Dodged            ||    35
Block: Buckler           ||     9
